 Dungeon Crawl Stone Soup version 0.29-a0-321-gf1c400731a (webtiles) character file.

Game seed: 7104965907594637556

85 Murumi the Bolt Thrower (level 4, 0/33 HPs)
             Began as a Djinni Hunter on Apr 3, 2022.
             Slain by a black bear (5 damage)
             ... on level 2 of the Dungeon.
             The game lasted 00:05:28 (1406 turns).

Murumi the Bolt Thrower (Djinni Hunter)             Turns: 1406, Time: 00:05:29

Health: 0/33       AC:  6    Str: 10    XL:     4   Next: 75%
Gold:   44         EV: 12    Int: 10    God:
                   SH:  0    Dex: 25

rFire   + + .      SeeInvis .   a - +0 dagger
rCold   x . .      Faith    .   (no shield)
rNeg    . . .      Spirit   .   h - +0 ring mail
rPois   ∞          Reflect  .   l - +1 hat
rElec   .          Harm     .   (no cloak)
rCorr   .          Rampage  .   (no gloves)
Will    .....                   (boots unavailable)
Stlth   ++........              e - amulet of regeneration
HPRegen 0.91/turn               k - +6 ring of dexterity
MPRegen 0.00/turn               (no ring)

@: flying
A: sickness immunity, fire resistance 2, cold vulnerability 1, float, innate
caster, HP casting, extra vitality 1
a: no special abilities


You were on level 2 of the Dungeon.
You visited 1 branch of the dungeon, and saw 2 of its levels.

You collected 44 gold pieces.

Inventory:

Hand Weapons
 a - a +0 dagger (weapon)
 f - a +1 hand crossbow
Armour
 h - a +0 ring mail (worn)
 l - a +1 hat (worn)
Jewellery
 e - an amulet of regeneration (around neck)
 k - a +6 ring of dexterity (left hand)
Scrolls
 c - a scroll of immolation
 j - 4 scrolls of teleportation
Potions
 b - a potion of might
 d - a potion of attraction
 g - a potion of cancellation {unknown}
 i - a potion of ambrosia {unknown}
 m - a potion of heal wounds {unknown}


   Skills:
 + Level 2.0 Fighting
 - Level 4.0 Crossbows
 - Level 1.0 Armour
 - Level 3.0 Dodging
 - Level 2.0 Stealth


You had 2 spell levels left.
You knew the following spells:

 Your Spells              Type           Power      Damage    Failure   Level
a - Sandblast             Erth           0%         2d4       67%         1
Your spell library was empty.

Dungeon Overview and Level Annotations

Branches:
Dungeon (2/15)

Altars:


Innate Abilities, Weirdness & Mutations

You are immune to sickness and miasma.
You are immune to poison.
Your flesh is very heat resistant. (rF++)
You are vulnerable to cold. (rC-)
You float through the air rather than walking.
You learn spells naturally, not from books.
Your magical power is your life essence.
You have superior vitality. (+4 MHP)


Message History

The black bear claws you but does no damage.
The black bear claws you.
You hit the black bear but do no damage.
The black bear is severely wounded.
The black bear bites you but does no damage.
The black bear claws you but does no damage.
The black bear barely misses you. The black bear bites you.
The black bear claws you. The black bear closely misses you.
You hit the black bear.
The black bear is almost dead.
The black bear bites you but does no damage.
The black bear barely misses you. The black bear closely misses you.
You completely miss the black bear.
The black bear is almost dead.
The black bear barely misses you. The black bear claws you.
The black bear barely misses you. The black bear bites you.
The black bear claws you but does no damage.
The black bear claws you.
You hit the black bear.
The black bear is almost dead.
The black bear completely misses you. The black bear closely misses you.
The black bear claws you but does no damage.
You barely miss the black bear.
The black bear is almost dead.
The black bear bites you.
The black bear claws you but does no damage. x2
The black bear bites you.
The black bear claws you but does no damage. x2
You are too injured to fight recklessly!
You are too injured to fight recklessly!
You barely miss the black bear.
The black bear is almost dead.
The black bear bites you. The black bear claws you.
The black bear barely misses you.
You hit the black bear.
The black bear is almost dead.
The black bear bites you!
* * * LOW HITPOINT WARNING * * *
The black bear claws you.
You die...

#...#######..≈≈#≈##≈
###...........≈##≈§#
########.....#####
###...# #...#####
##........
#####..#..####
#######......##.###.
#.h@..######.#......
#...#......#
#...#...# ....#
#.####...#####....
..# #....###. #####
# #..#...##.. #
##.#....##.##
#.##....#..###
#..##...##.#.##
##..##...#.##.#


You could see a black bear (berserk).

Vanquished Creatures
  3 gnolls (D:2)
  An adder (D:2)
  A worm (D:1)
  6 ball pythons
  2 endoplasms (D:1)
  2 giant cockroaches
  5 goblins
  6 hobgoblins
  2 kobolds
  A quokka (D:2)
  5 bats (D:1)
  4 frilled lizards
  6 rats
44 creatures vanquished.

Vanquished Creatures (others)
  8 plants (D:1)
8 creatures vanquished.

Grand Total: 52 creatures vanquished

Notes
Turn   | Place    | Note
-------+----------+-------------------------------------------
     0 | D:1      | Murumi the Djinni Hunter began the quest for the Orb.
     0 | D:1      | Reached XP level 1. HP: 18/18 MP: 0/0
    17 | D:1      | Reached skill level 1 in Stealth
    97 | D:1      | Reached XP level 2. HP: 23/23 MP: 0/0
   341 | D:1      | Reached XP level 3. HP: 28/28 MP: 0/0
   341 | D:1      | Learned a level 1 spell: Sandblast
   384 | D:1      | Reached skill level 4 in Crossbows
   623 | D:1      | Found a faded altar of an unknown god.
  1187 | D:2      | Reached XP level 4. HP: 33/33 MP: 0/0
  1351 | D:2      | Reached skill level 1 in Armour
  1389 | D:2      | Noticed a black bear
  1406 | D:2      | Slain by a black bear

Illustrated notes

Levels and vault maps discovered:
D:1:      mrwooster_arrival_statue_2, layout_basic,
          dilly_ecumenical_altar_fadedgnrine
D:2:      minmay_evil_eye, layout_rooms, serial_curves, eino_curves_03,
          eino_curves_03, lemuel_another_geyser

Skill      XL: |  1  2  3  4 |
---------------+-------------+-----
Stealth        | 1 2 |  2.0
Crossbows      | 4 |  4.0
Dodging        | 3 |  3.0
Armour         | 1 |  1.0
Fighting       | |  2.0

Action                   |  1- 3 |  4- 6 || total
-------------------------+-------+-------++-------
Melee: Dagger            |    62 |    48 ||   110
       Punch             |       |     1 ||     1
 Fire: Hand crossbow     |    70 |    13 ||    83
  Use: Scroll            |     5 |       ||     5
 Stab: Sleeping          |     1 |       ||     1
Armor: Leather armour    |    19 |       ||    19
       Ring mail         |     1 |    28 ||    29
Dodge: Dodged            |    31 |    41 ||    72

Table legend: (Time is in decaauts)
 A = Elapsed time spent in this place.
 B = Non-inter-level travel time spent in this place.
 C = Inter-level travel time spent in this place.
 D = Time resting spent in this place.
 E = Time spent auto-exploring this place.
 F = Levels seen in this place.
 G = Mean time per level.
                   A        B        C        D        E       F      G
               +--------+--------+--------+--------+--------+-----+--------+
         Total |   1430 |   1284 |    146 |      0 |    913 |   2 |  715.0 |
       Dungeon |   1430 |   1284 |    146 |      0 |    913 |   2 |  715.0 |
               +--------+--------+--------+--------+--------+-----+--------+

Top non-repeatable levels by time:
     D:1: 860 daAuts
     D:2: 570 daAuts
